 Dungeon Crawl Stone Soup version 0.29-a0-330-g52719c12eb (webtiles) character file.

Game seed: 12338981812957831464

8 Crownlay the Skirmisher (level 2, -1/27 HPs)
             Began as a Hill Orc Fighter on May 1, 2022.
             Slain by a kobold
             ... wielding a +0 short sword
              (2 damage)
             ... on level 1 of the Dungeon.
             The game lasted 00:00:30 (181 turns).

Crownlay the Skirmisher (Hill Orc Fighter)           Turns: 181, Time: 00:00:30

Health: -1/27      AC:  6    Str: 18    XL:     2   Next: 8%
Magic:  2/2        EV:  9    Int:  8    God:
Gold:   17         SH:  4    Dex: 10    Spells: 1/1 levels left

rFire   . . .      SeeInvis .   a - +0 war axe
rCold   . . .      Faith    .   c - +0 buckler
rNeg    . . .      Spirit   .   b - +0 scale mail
rPois   .          Reflect  .   (no helmet)
rElec   .          Harm     .   (no cloak)
rCorr   .          Rampage  .   (no gloves)
Will    .....                   (no boots)
Stlth   ..........              (no amulet)
HPRegen 0.09/turn               (no ring)
MPRegen 0.08/turn               (no ring)

@: no status effects
A: no striking features
a: no special abilities


You were on level 1 of the Dungeon.
You visited 1 branch of the dungeon, and saw 1 of its levels.

You collected 17 gold pieces.

Inventory:

Hand Weapons
 a - a +0 war axe (weapon)
Missiles
 g - 6 javelins (quivered)
Armour
 b - a +0 scale mail (worn)
 c - a +0 buckler (worn)
Scrolls
 e - a scroll of identify {unknown}
Potions
 d - a potion of might
 f - a potion of heal wounds {unknown}


   Skills:
 + Level 3.8 Fighting
 * Level 3.3 Axes
 - Level 3.2 Armour
 + Level 3.3 Shields


You had one spell level left.
You didn't know any spells.
Your spell library was empty.

Dungeon Overview and Level Annotations

Branches:
Dungeon (1/15)

Altars:


Message History

The kobold closely misses you.
You closely miss the bat. You barely miss the kobold.
You feel sick.
The endoplasm quivers.
The bat misses you. The kobold hits you but does no damage.
You barely miss the bat. You barely miss the kobold.
You feel sick.
You are no longer poisoned.
The bat barely misses you.
The kobold hits you with a +0 short sword.
The bat closely misses you.
The kobold hits you with a +0 short sword.
* * * LOW HITPOINT WARNING * * *
The bat hits you but does no damage.
You are too injured to fight recklessly!
You are too injured to fight recklessly!
You are too injured to fight recklessly!
You are too injured to fight recklessly!
You are too injured to fight recklessly!
You closely miss the kobold. You miss the bat.
The bat hits you but does no damage. x2; The kobold barely misses you.
The endoplasm attacks as you move away!
The endoplasm hits you but does no damage.
The bat closely misses you.
Things that are here:
a +0 dagger of venom; a goblin corpse You block the bat's attack.
You slash the bat!
You kill the bat!
You block the endoplasm's attack.
You have reached level 2!
You slash the endoplasm!
You kill the endoplasm!
You barely miss the kobold.
The kobold hits you with a +0 short sword.
* * * LOW HITPOINT WARNING * * *
You barely miss the kobold. The kobold hits you but does no damage.
The kobold hits you with a +0 short sword.
* * * LOW HITPOINT WARNING * * *
You hit the kobold but do no damage.
The kobold hits you with a +0 short sword.
You die...

######...## ##.## #
#.# #. #.# #.
########.###### #..
#....†.........
####..#
##.####.########
.......####...###.#
#.....K@........#
##...####...#####
##.# ##.## ## #.#
#.# #.# .[. ###


You could see a kobold.

Vanquished Creatures
  A ball python (D:1)
  3 endoplasms (D:1)
  A goblin (D:1)
  A bat (D:1)
  A kobold (D:1)
7 creatures vanquished.

Notes
Turn   | Place    | Note
-------+----------+-------------------------------------------
     0 | D:1      | Crownlay the Hill Orc Fighter began the quest for the Orb.
     0 | D:1      | Reached XP level 1. HP: 19/19 MP: 1/1
   178 | D:1      | Reached XP level 2. HP: 5/27 MP: 2/2
   180 | D:1      | HP: 1/27 [kobold/+0 short sword (3)]
   181 | D:1      | Slain by a kobold

Illustrated notes

Levels and vault maps discovered:
D:1:      ncdulo_halloftheorcs, layout_loops_ring

Skill      XL: |  1 |
---------------+----+-----
Axes           | 3 |  3.3
Fighting       | |  3.8
Armour         | |  3.2
Shields        | |  3.3

Action                   || total
-------------------------++-------
Melee: War axe           ||    17
Armor: Scale mail        ||     9
Dodge: Dodged            ||    10
Block: Buckler           ||     4

Table legend: (Time is in decaauts)
 A = Elapsed time spent in this place.
 B = Non-inter-level travel time spent in this place.
 C = Inter-level travel time spent in this place.
 D = Time resting spent in this place.
 E = Time spent auto-exploring this place.
 F = Levels seen in this place.
 G = Mean time per level.
                   A        B        C        D        E       F      G
               +--------+--------+--------+--------+--------+-----+--------+
         Total |    187 |    166 |     21 |      0 |    123 |   1 |  187.0 |
       Dungeon |    187 |    166 |     21 |      0 |    123 |   1 |  187.0 |
               +--------+--------+--------+--------+--------+-----+--------+

Top non-repeatable levels by time:
     D:1: 187 daAuts
